 Dungeon Crawl Stone Soup version bcrawl-1.28.4 (webtiles) character file.

Game seed: 5802706253676359294

268549 Anmu the Chopper (level 8, -1/62 HPs)
             Began as a Formicid Fighter on Jan 8, 2021.
             Was an Initiate of Okawaru.
             Killed from afar by an orc wizard (5 damage)
             ... with a magic dart
             ... on level 3 of the Dungeon.
             The game lasted 00:10:46 (3008 turns).

Anmu the Chopper (Formicid Fighter)                 Turns: 3008, Time: 00:10:46

Health: -1/62      AC:  8    Str: 21    XL:     8   Next: 2%
Magic:  8/8        EV:  8    Int:  8    God:    Okawaru [......]
Gold:   230        SH: 11    Dex: 12    Spells: 7/7 levels left

rFire    . . .     SeeInvis +   a - +1 war axe
rCold    + . .     Gourm    .   c - +1 medium shield
rNeg     . . .     Faith    .   b - +0 scale mail
rPois    .         Spirit   .   (helmet unavailable)
rElec    +         Reflect  .   (no cloak)
rCorr    .         Harm     .   u - +0 pair of gloves
MR       .....                  (no boots)
Stlth    ..........             (no amulet)
HPRegen  0.20/turn              h - ring of insulation
MPRegen  0.11/turn              k - +2 ring of slaying

@: swift, flying, very quick
A: permanent stasis, dig shafts and tunnels, four strong arms, antennae 3,
blurry vision 1, cold resistance 1, screaming 1
a: Dig, Shaft Self, Renounce Religion


You were on level 3 of the Dungeon.
You worshipped Okawaru.
Okawaru was noncommittal.
You were hungry.

You visited 1 branch of the dungeon, and saw 4 of its levels.
You also visited: Sewer.

You collected 230 gold pieces.

Inventory:

Hand Weapons
 a - a +1 war axe (weapon)
Armour
 b - a +0 scale mail (worn)
 c - a +1 medium shield (worn)
 j - a +0 cloak
 u - a +0 pair of gloves (worn)
Jewellery
 h - a ring of insulation (left hand)
 k - a +2 ring of slaying (right hand)
 n - a +6 amulet of reflection {unknown}
Wands
 x - a wand of flame (18)
 D - a wand of clouds (6)
Scrolls
 f - 3 scrolls of remove curse
 i - a scroll of fog
 m - a scroll of immolation
 w - a scroll of identify
Potions
 d - 2 potions of might
 l - 5 potions of brilliance
 o - a potion of magic {unknown}
 q - a potion of lignification
 s - a potion of haste {unknown}
 A - a potion of agility {unknown}
Comestibles
 e - 12 rations {!d}


   Skills:
 + Level 5.0 Fighting
 + Level 5.9 Axes
 + Level 4.6 Armour
 + Level 1.5 Dodging
 + Level 5.3 Shields


You had 7 spell levels left.
You didn't know any spells.
Your spell library contained the following spells:

 Spells                   Type           Power        Failure   Level  Hunger
 Apportation              Tloc           #.....       99%         1    None
 Infusion                 Chrm           #.......     99%         1    None
 Sandblast                Erth           #.....       99%         1    None
 Slow                     Hex            #.......     99%         1    None
 Summon Butterflies       Summ           #.......     99%         1    None


Dungeon Overview and Level Annotations

Branches:
Dungeon (4/12)
 Temple: D:4-7

Altars:
Okawaru


Innate Abilities, Weirdness & Mutations

You cannot be hasted, slowed, berserked, paralysed or teleported.
You can dig through walls and to a lower floor.
Your four strong arms can wield two-handed weapons with a shield.
You have a pair of large antennae on your head. (SInv)
Scrolls take you a little longer to read.
Your flesh is cold resistant. (rC+)
You occasionally shout uncontrollably at your foes.


Message History

You closely miss the orc wizard.
The orc wizard points at you and mumbles some strange words.
The magic dart hits you but does no damage.
The orc wizard completely misses you.
You hit the orc wizard.
The orc wizard is moderately wounded.
The orc wizard casts a spell.
The orc wizard blinks!
The orc wizard hits you with a +0 dagger.
* * * LOW HITPOINT WARNING * * *
It was a potion of flight.
You feel very buoyant.
You fly up into the air.
The orc wizard hits you but does no damage.
You closely miss the orc wizard.
The orc wizard is moderately wounded.
You block the orc wizard's attack.
The orc wizard gestures at you while chanting.
The magic dart hits you.
You die...

#(..........##.#..#######....).
##...###...###....# ##........
##...#...........# #..#......
#......##.......####.##..)...
#.#######.#..##..#...........
#.# ##....###......#...... #.#
###...#.###....########.
#.####...###o.....#.#########
#...[...## #@.###.#..........
####....# #.>#...###########
###....### ####.### #
####..>.### #.# # .........#
#.# .........# #.# .........#
#.# .........# ######.# ####
##########
##......##########...


You could see an orc wizard.

Vanquished Creatures
  5 big kobolds (Sewer)
  A howler monkey (D:3)
  2 crimson imps (D:4)
  Crazy Yiuf (D:3)
  Terence (D:3)
  A worker ant (D:2)
  Robin (D:2)
  3 adders
  A river rat (Sewer)
  6 oozes
  9 worms
  2 dart slugs
  2 leopard geckos
  An orc (D:3)
  3 ball pythons (Sewer)
  2 giant cockroaches
  12 goblins
  12 hobgoblins
  6 jackals (D:1)
  9 kobolds
  2 quokkas (D:3)
  3 bats (D:2)
  5 frilled lizards
  A jackal skeleton (D:4)
  10 rats
101 creatures vanquished.

Notes
Turn   | Place    | Note
-------+----------+-------------------------------------------
     0 | D:1      | Anmu the Formicid Fighter began the quest for the Orb.
     0 | D:1      | Reached XP level 1. HP: 18/18 MP: 1/1
    56 | D:1      | Reached XP level 2. HP: 17/24 MP: 2/2
   235 | D:1      | Reached XP level 3. HP: 27/30 MP: 3/3
   930 | D:2      | Reached XP level 4. HP: 37/37 MP: 4/4
  1368 | D:2      | Noticed Robin
  1397 | D:2      | Reached XP level 5. HP: 36/42 MP: 5/5
  1399 | D:2      | Killed Robin
  1689 | D:3      | Found a glowing drain.
  1703 | Sewer    | Entered a sewer
  1734 | Sewer    | Noticed a big kobold
  1753 | Sewer    | Killed a big kobold
  1754 | Sewer    | Reached XP level 6. HP: 27/48 MP: 6/6
  1906 | Sewer    | Reached skill level 1 in Dodging
  2187 | Sewer    | Reached XP level 7. HP: 55/55 MP: 7/7
  2291 | Sewer    | Reached skill level 5 in Axes
  2456 | D:3      | Found an iron altar of Okawaru.
  2467 | D:3      | Became a worshipper of Warmaster Okawaru
  2650 | D:3      | Noticed Terence
  2664 | D:3      | Killed Terence
  2665 | D:3      | Reached skill level 5 in Shields
  2857 | D:3      | Found a runed door.
  2872 | D:3      | Noticed Crazy Yiuf
  2876 | D:3      | Killed Crazy Yiuf
  2930 | D:4      | Gained mutation: Your magical capacity is low. (-10% MP)
                  | [potion of mutation]
  2930 | D:4      | Gained mutation: Your mind is acute. (Int +2) [potion of
                  | mutation]
  2930 | D:4      | Gained mutation: You are somewhat resistant to further
                  | mutation. [potion of mutation]
  2931 | D:4      | Lost mutation: Your mind is acute. (Int +2) [potion of
                  | mutation]
  2931 | D:4      | Lost mutation: Your magical capacity is low. (-10% MP)
                  | [potion of mutation]
  2931 | D:4      | Lost mutation: You are somewhat resistant to further
                  | mutation. [potion of mutation]
  2931 | D:4      | Gained mutation: Your spells are a little harder to cast,
                  | but a little more powerful. [potion of mutation]
  2931 | D:4      | Gained mutation: You expend magic power (3 MP) to
                  | strengthen your wands. [potion of mutation]
  2932 | D:4      | Lost mutation: You expend magic power (3 MP) to strengthen
                  | your wands. [potion of mutation]
  2932 | D:4      | Lost mutation: Your spells are a little harder to cast, but
                  | a little more powerful. [potion of mutation]
  2932 | D:4      | Gained mutation: You occasionally shout uncontrollably at
                  | your foes. [potion of mutation]
  2932 | D:4      | Gained mutation: Scrolls take you a little longer to read.
                  | [potion of mutation]
  2932 | D:4      | Gained mutation: Your flesh is cold resistant. (rC+)
                  | [potion of mutation]
  2953 | D:4      | Reached skill level 5 in Fighting
  2954 | D:4      | Reached XP level 8. HP: 55/62 MP: 8/8
  3006 | D:3      | HP: 3/62 [orc wizard/+0 dagger (2)]
  3008 | D:3      | Killed from afar by an orc wizard

Skill      XL: |  1  2  3  4  5  6  7 |
---------------+----------------------+-----
Shields        | 4 5 |  5.3
Axes           | 3 4 5 |  5.9
Fighting       | 4 5 |  5.0
Armour         | 4 |  4.6
Dodging        | 1 |  1.5

Action                   |  1- 3 |  4- 6 |  7- 9 || total
-------------------------+-------+-------+-------++-------
Melee: War axe           |    85 |   140 |   107 ||   332
 Abil: Dig               |       |     6 |     3 ||     9
Evoke: Wand              |       |       |     2 ||     2
  Use: Scroll            |       |       |    13 ||    13
       Potion            |       |       |     5 ||     5
  Eat: Chunk             |     3 |    10 |     6 ||    19
Armor: Scale mail        |    26 |    33 |    39 ||    98
Dodge: Dodged            |    28 |    31 |    34 ||    93
Block: Medium shield     |    44 |    63 |    42 ||   149
